 Dungeon Crawl Stone Soup version 0.20-a0-201-g851c6fa (webtiles) character file.

41 patrickswayze the Sneak (level 3, -1/22 HPs)
             Began as a Deep Elf Chaos Knight on Nov 25, 2016.
             Slain by a killer bee (6 damage)
             ... on level 2 of the Dungeon.
             The game lasted 00:01:37 (1263 turns).

patrickswayze the Sneak (Deep Elf Chaos Knight)     Turns: 1263, Time: 00:01:38

Health: -1/22      AC:  6    Str: 12 (14) XL:     3   Next: 32%
Magic:  5/5        EV: 12    Int: 14 (16) God:    Xom [*.....]
Gold:   143        SH:  0    Dex: 12 (15) Spells: 2/2 levels left

rFire  . . .     SeeInvis .     a - +0 short sword (chaos)
rCold  + . .     Gourm    .     b - +2 leather armour
rNeg   . . .     Faith    .     (no shield)
rPois  .         Spirit   .     n - +0 helmet
rElec  .         Reflect  .     (no cloak)
rCorr  .         Harm     .     (no gloves)
MR     .....     Rnd*Tele +     (no boots)
Stlth  ++........               (no amulet)
                                (no ring)
                                (no ring)

@: mighty, lethally poisoned (-1 -> -8)
A: cold resistance 1, teleportitis 1, wild magic 1
a: Renounce Religion


You were on level 2 of the Dungeon.
You worshipped Xom.
You were a special plaything of Xom.
You were not hungry.

You visited 1 branch of the dungeon, and saw 2 of its levels.

You collected 143 gold pieces.


Innate Abilities, Weirdness & Mutations

Your flesh is cold resistant. (rC+)
You are occasionally teleported next to monsters.
Your spells are a little harder to cast, but a little more powerful.


   Skills:
 - Level 2.4 Fighting
 - Level 3.0 Short Blades
 - Level 0.7 Armour
 - Level 2.4 Dodging
 + Level 4.0 Stealth


You had 2 spell levels left.
You didn't know any spells.

Inventory:

Hand Weapons
 a - a +0 short sword of chaos (weapon)
Armour
 b - a +2 leather armour (worn)
 n - a +0 helmet (worn)
Jewellery
 k - an uncursed ring of magical power {unknown}
Scrolls
 d - 2 scrolls of noise {unknown}
 h - a scroll of fog {unknown}
 m - a scroll of teleportation {unknown}
Comestibles
 c - a bread ration
 g - a beef jerky
 i - 4 chunks of flesh
 l - a meat ration


Message History

You closely miss the killer bee.
You feel sick. The killer bee stings you. The killer bee closely misses you.
Unknown command.
It was a potion of might.
You feel very mighty all of a sudden.
Your trail of clouds dissipates.
You feel sick. The killer bee barely misses you.
The killer bee closely misses you.
It was a potion of mutation.
You feel extremely strange.
You feel less in control of your magic.
You feel resistant to cold.
You feel weirdly uncertain.
Xom roars with laughter!
The killer bee misses you.
The killer bee stings you but does no damage.
It was a potion of degeneration.
There was something very wrong with that liquid.
You feel weakened.
You feel dopey.
You feel clumsy.
* * * LOW HITPOINT WARNING * * *
You feel sick. The killer bee closely misses you. The killer bee stings you.
You die...
Xom is highly amused!

.. #....... ......
...#....... ......#
.###..#....... .......
.....####.##. ##.....
#........... .......
#...##......
.......######...........
......y.................
.......@................
##....##.##.#...........
#.......$.<#...........
###.....#.........#####.
#.............####...#..
#.......#......###...#..
#.....................#..
#.#...................#..
#.###.................#..


You could see a killer bee.

Vanquished Creatures
  An adder (D:2)
  A worm (D:2)
  2 leopard geckos (D:1)
  4 bats
  A giant cockroach (D:1)
  2 goblins (D:2)
  5 hobgoblins
  4 kobolds
  A quokka (D:2)
  2 frilled lizards
  3 rats (D:1)
26 creatures vanquished.

Notes
Turn   | Place    | Note
-------+----------+-------------------------------------------
     0 | D:1      | patrickswayze the Deep Elf Chaos Knight began the quest for the Orb.
     0 | D:1      | Reached XP level 1. HP: 13/13 MP: 3/3
     6 | D:1      | Noticed a salamander
     6 | D:1      | Noticed a lindwurm
     6 | D:1      | Noticed a black bear
     7 | D:1      | Noticed a hound
   121 | D:1      | Reached skill level 1 in Stealth
   128 | D:1      | XOM: divination: detect creatures
   170 | D:1      | Reached skill level 2 in Stealth
   260 | D:1      | Reached XP level 2. HP: 18/18 MP: 4/4
   347 | D:1      | XOM: noise
   542 | D:1      | XOM: harmless Chrm miscast
   733 | D:1      | Reached skill level 3 in Stealth
   789 | D:1      | XOM: divination: magic mapping
   920 | D:2      | Found a stormy altar of Qazlal.
   920 | D:2      | Noticed a water elemental
  1147 | D:2      | Reached XP level 3. HP: 16/22 MP: 5/5
  1186 | D:2      | XOM: cloud trail
  1217 | D:2      | Reached skill level 4 in Stealth
  1259 | D:2      | Noticed a killer bee
  1259 | D:2      | an adder changed into a killer bee
  1259 | D:2      | XOM: polymorph adder -> killer bee
  1262 | D:2      | Gained mutation: Your spells are a little harder to cast, but a little more powerful. [potion of mutation]
  1262 | D:2      | Gained mutation: Your flesh is cold resistant. (rC+) [potion of mutation]
  1262 | D:2      | Gained mutation: You are occasionally teleported next to monsters. [potion of mutation]
  1263 | D:2      | Slain by a killer bee

Vault maps used:
D:1:      onia_arrival_zoo_common, st_stairs_8
D:2:      hangedman_abyss_or_decor_stabs, nicolae_qazlal_style_of_elements

Action                   || total
-------------------------++-------
Melee: Short sword       ||    95
  Use: Potion            ||     3
 Stab: Sleeping          ||     3
       Distracted        ||     1
  Eat: Chunk             ||     1
Armor: Leather armour    ||    33
Dodge: Dodged            ||    71
